 Dungeon Crawl Stone Soup version 0.28-a0-563-gf77a47075d (webtiles) character file.

Game seed: 1878321085893626021

14878 robertstho the Cleaver (level 11, -6/160 HPs)
             Began as a Minotaur Berserker on Sept 29, 2021.
             Was a High Priest of Trog.
             Mangled by Rupert (18 damage)
             ... on level 11 of the Dungeon.
             The game lasted 00:17:24 (11543 turns).

robertstho the Cleaver (Minotaur Berserker)        Turns: 11543, Time: 00:17:24

Health: -6/160     AC: 18    Str: 27    XL:     11   Next: 94%
Magic:  10/10      EV: 13    Int:  5    God:    Trog [*****.]
Gold:   825        SH:  0    Dex: 10    Spells: 10/10 levels left

rFire   + . .      SeeInvis .   n - +0 war axe
rCold   x . .      Faith    .   (no shield)
rNeg    . . .      Spirit   .   m - +4 ring mail of Apathy {rPois rCorr Str+3}
rPois   +          Reflect  .   (helmet restricted)
rElec   .          Harm     .   C - +2 cloak
rCorr   +          Rampage  .   z - +0 pair of gloves
Will    .....                   p - +1 pair of boots
Stlth   ..........              (no amulet)
HPRegen 0.36/turn               r - ring of fire
MPRegen 0.12/turn               (no ring)

@: berserking, very quick
A: horns 2, retaliatory headbutt
a: Renounce Religion, Berserk, Trog's Hand, Brothers in Arms


You were on level 11 of the Dungeon.
You worshipped Trog.
Trog was extremely pleased with you.
You visited 1 branch of the dungeon, and saw 12 of its levels.

You collected 825 gold pieces.

Inventory:

Hand Weapons
 n - a +0 war axe (weapon)
Missiles
 e - a throwing net (quivered)
Armour
 m - the +4 ring mail of Apathy (worn) {rPois rCorr Str+3}
   (You found it on level 8 of the Dungeon)

   Str:       It affects your strength (+3).
   rPois:     It protects you from poison.
   rCorr:     It protects you from acid and corrosion.
 p - a +1 pair of boots (worn)
 z - a +0 pair of gloves (worn)
 C - a +2 cloak (worn)
Jewellery
 r - a ring of fire (left hand)
Wands
 b - a wand of flame (15)
 o - a wand of mindburst (12)
 y - a wand of polymorph (9)
Scrolls
 a - a scroll of brand weapon
 g - 2 scrolls of immolation {unknown}
 i - a scroll of magic mapping
 j - 4 scrolls of enchant armour
 k - a scroll of torment
 q - 3 scrolls of fog
 t - 2 scrolls of blinking
 x - a scroll of enchant weapon
 E - a scroll of identify
Potions
 c - 2 potions of cancellation
 d - 2 potions of haste
 f - a potion of brilliance
 h - a potion of magic {unknown}
 l - a potion of flight {unknown}
 s - 2 potions of berserk rage {unknown}
 u - a potion of resistance {unknown}
 v - a potion of might
 w - 4 potions of heal wounds
 A - 4 potions of curing
 B - 2 potions of lignification
 D - 11 potions of ambrosia
 F - a potion of attraction {unknown}


   Skills:
 * Level 13.1 Fighting
 + Level 13.9 Axes
 * Level 10.8 Armour
 + Level 8.2 Dodging
 + Level 2.9 Stealth


You had 10 spell levels left.
You didn't know any spells.
Your spell library was empty.

Dungeon Overview and Level Annotations

Branches:
Dungeon (12/15)            Temple (0/1) D:5            Lair (0/6) D:9
    Orc (0/2) D:11

Altars:
Ashenzari
Kikubaaqudgha
Okawaru
Vehumet

Shops:
D:1 (   D:7 *   D:12 *

Annotations:
D:11 Rupert


Innate Abilities, Weirdness & Mutations

You have a pair of horns on your head.
You reflexively headbutt those who attack you in melee.


Message History

There is a stone staircase leading up here.
The deep elf pyromancer gestures wildly while chanting.
Rupert barely misses you.
You climb upwards.
There is a stone staircase leading down here.
A red film seems to cover your vision as you go berserk!
You feel yourself moving faster!
You feel mighty!
Rupert hits you with a +3 battleaxe of electrocution.
Rupert hits you with a +3 battleaxe of electrocution!!
You are electrocuted!
You slash Rupert! You headbutt Rupert.
Rupert is lightly wounded.
Rupert hits you with a +3 battleaxe of electrocution.
You are electrocuted!
You slice Rupert!!
Rupert is moderately wounded.
Rupert hits you with a +3 battleaxe of electrocution!!
You hit Rupert.
Rupert is moderately wounded.
You slash Rupert! Your headbutt misses Rupert.
Rupert is moderately wounded.
Rupert hits you with a +3 battleaxe of electrocution!!
You are electrocuted!
* * * LOW HITPOINT WARNING * * *
You closely miss Rupert.
Rupert is moderately wounded.
Rupert barely misses you.
You slice Rupert!!
Rupert is moderately wounded.
Rupert hits you with a +3 battleaxe of electrocution!
* * * LOW HITPOINT WARNING * * *
You are electrocuted!
* * * LOW HITPOINT WARNING * * *
You slash Rupert!
Rupert is heavily wounded.
You slash Rupert! Your headbutt misses Rupert.
Rupert is heavily wounded.
Rupert is no longer berserk.
Rupert hits you with a +3 battleaxe of electrocution!!
You die...

######......#.....#
.....#......#.....#
..[..'......#.....#
##...#......####'##
##...#.........(..#
.....#............#
.....#............#
.....#.........@..#
##...#.......>..@.#
##...#...........[#
#....#............#
#....####'##..[...#
#######....#......#
##...##....#......#
##...#.....#......#
##...#.....#......#
.....##....#......#


You could see Rupert (slow).

Vanquished Creatures
  2 centaur warriors
  A tengu warrior (D:9)
  2 deep elf pyromancers
  A cyclops (D:12)
  Joseph (D:10)
  A gargoyle (D:12)
  2 unseen horrors
  Psyche (D:10)
  A queen bee (shapeshifter) (D:9)
  A queen bee (D:10)
  A troll (D:11)
  A meliai zombie (D:10)
  Sigmund (D:6)
  5 yaks (D:10)
  A wraith (D:10)
  5 steam dragons
  9 vampire mosquitoes
  7 water moccasins
  3 ice beasts
  5 orc warriors
  3 sky beasts
  A black bear (D:5)
  A hornet zombie (D:6)
  2 centaurs
  5 necrophages
  4 kobold brigands
  A gnoll sergeant (D:11)
  A bullfrog (D:7)
  5 scorpions
  34 killer bees
  6 wights (D:9)
  7 howler monkeys
  5 centaur zombies
  A jelly (D:8)
  3 orc priests
  7 hounds
  A bullfrog skeleton (D:4)
  Crazy Yiuf (D:6)
  A centaur skeleton (D:6)
  2 iguanas
  10 orc wizards
  A killer bee zombie (D:6)
  A hound skeleton (D:4)
  A mummy (D:9)
  A howler monkey zombie (D:9)
  5 adders
  12 gnolls
  A howler monkey skeleton (D:4)
  5 shadow imps
  An ufetubus (D:6)
  An adder skeleton (D:4)
  2 dart slugs
  24 orcs
  8 ball pythons
  3 bats
  4 endoplasms
  2 giant cockroaches
  8 goblins
  12 hobgoblins
  3 quokkas
  2 frilled lizards (D:1)
  19 kobolds
  4 rats
272 creatures vanquished.

Vanquished Creatures (collateral kills)
  2 vampire mosquitoes (D:10)
  A killer bee (D:10)
3 creatures vanquished.

Vanquished Creatures (others)
  A human (D:7)
  A centaur zombie (D:9)
  A withered plant (D:9)
3 creatures vanquished.

Grand Total: 278 creatures vanquished

Notes
Turn   | Place    | Note
-------+----------+-------------------------------------------
     0 | D:1      | robertstho the Minotaur Berserker began the quest for the
                  | Orb.
     0 | D:1      | Reached XP level 1. HP: 19/19 MP: 0/0
   196 | D:1      | Reached XP level 2. HP: 19/27 MP: 1/1
   988 | D:1      | Found Sori's Weapon Boutique.
  1137 | D:1      | Found a faded altar of an unknown god.
  1175 | D:2      | Reached XP level 3. HP: 34/34 MP: 2/2
  1276 | D:2      | Reached ** piety under Trog
  1500 | D:2      | Reached XP level 4. HP: 28/41 MP: 3/3
  1643 | D:2      | Reached skill level 5 in Fighting
  2598 | D:4      | Noticed a water moccasin
  2612 | D:4      | Killed a water moccasin
  2613 | D:4      | Reached skill level 5 in Axes
  2613 | D:4      | Reached XP level 5. HP: 26/48 MP: 4/4
  2848 | D:4      | Reached XP level 6. HP: 57/57 MP: 5/5
  2952 | D:4      | Identified the +8 dagger "Zelasiaj" {holy, +Blink Will+
                  | Str+4}
  2956 | D:4      | Reached *** piety under Trog
  3370 | D:4      | Noticed a steam dragon
  3379 | D:4      | Killed a steam dragon
  3380 | D:4      | Reached XP level 7. HP: 23/63 MP: 6/6
  3601 | D:4      | Found an iron altar of Okawaru.
  3601 | D:4      | Found a broken altar of Ashenzari.
  3602 | D:4      | Found a radiant altar of Vehumet.
  3673 | D:5      | Entered Level 5 of the Dungeon
  3700 | D:5      | Found a staircase to the Ecumenical Temple.
  3726 | D:5      | Reached skill level 1 in Stealth
  4069 | D:5      | You fall into a shaft and drop 3 floors!
  4069 | D:8      | Noticed a steam dragon
  4075 | D:8      | Reached skill level 5 in Armour
  4075 | D:8      | Killed a steam dragon
  4076 | D:8      | Reached XP level 8. HP: 73/73 MP: 7/7
  4137 | D:8      | Identified the +4 ring mail of Apathy {rPois rCorr Str+3}
  4413 | D:7      | Reached skill level 5 in Dodging
  4586 | D:7      | Noticed a deep elf pyromancer
  4600 | D:7      | Killed a deep elf pyromancer
  4601 | D:7      | Reached XP level 9. HP: 46/82 MP: 8/8
  4614 | D:7      | Reached **** piety under Trog
  4881 | D:7      | Found an ancient bone altar of Kikubaaqudgha.
  5128 | D:7      | Found Vaatyafry's Serpentskin Sales.
  5315 | D:8      | Reached skill level 10 in Axes
  6190 | D:9      | Noticed a queen bee
  6199 | D:9      | Killed a queen bee
  6240 | D:9      | Reached ***** piety under Trog
  6253 | D:9      | Reached XP level 10. HP: 73/93 MP: 9/9
  6342 | D:9      | Found a staircase to the Lair.
  6642 | D:9      | Reached skill level 10 in Fighting
  6876 | D:9      | Found a runed translucent door.
  6876 | D:9      | Noticed a tengu warrior
  6877 | D:9      | Noticed a centaur warrior
  6888 | D:9      | Killed a tengu warrior
  7090 | D:9      | Noticed a deep elf pyromancer
  7121 | D:10     | Entered Level 10 of the Dungeon
  7483 | D:10     | Noticed Joseph
  7556 | D:10     | Noticed Psyche
  7568 | D:10     | Killed Psyche
  8157 | D:6      | Noticed Sigmund
  8169 | D:6      | Killed Sigmund
  8546 | D:6      | Found a runed translucent door.
  8547 | D:6      | Noticed Crazy Yiuf
  8554 | D:6      | Killed Crazy Yiuf
  8824 | D:5      | Reached XP level 11. HP: 101/102 MP: 10/10
  9121 | D:9      | Noticed a deep elf pyromancer
  9123 | D:9      | Killed a deep elf pyromancer
  9125 | D:9      | Noticed a six-headed hydra
  9220 | D:9      | Killed a centaur warrior
  9365 | D:10     | Killed Joseph
  9366 | D:10     | Reached skill level 10 in Armour
 11050 | D:11     | Found a staircase to the Orcish Mines.
 11194 | D:12     | Noticed a centaur warrior
 11207 | D:12     | Killed a centaur warrior
 11515 | D:12     | Noticed Rupert
 11521 | D:12     | Noticed a deep elf pyromancer
 11527 | D:12     | Found Suriecuss's Assorted Antiques.
 11543 | D:11     | Mangled by Rupert

Illustrated notes

Levels and vault maps discovered:
D:1:      scummos_arrival_checkerplants, layout_rooms, serial_shops,
          nicolae_lakefront_shop, dilly_ecumenical_altar_fadedgnrine,
          hex_medium, solitary_fountain, minmay_cupped
D:2:      layout_basic
D:3:      layout_loops_ring
D:4:      layout_loops_ring, nicolae_overflow_hidden_temple
D:5:      layout_cave_pools, minmay_temple_entry_junction, serial_glass,
          glass_columns_a, glass_columns_a, due_unseen_surprise,
          item_on_display_a, feat_on_display, item_on_display_a
D:6:      layout_rooms, minmay_splitting_lines, ebering_dispersal_statue_hall,
          uniq_crazy_yiuf_cottage, uniq_sigmund
D:7:      hangedman_cross_stitches, layout_loops_cross, tgw_kikubaaqudgha,
          guppyfry_shop_venom
D:8:      layout_rooms
D:9:      layout_cross, lair_entry_dummy, serial_undead, serial_undead_f,
          serial_undead_b, serial_undead_c, serial_undead_b, serial_undead_d,
          minivault_13
D:10:     layout_roguey [special_room_bee], serial_aquarium,
          aquarium_bridge_straight [aquarium_subvault_bridge,
          aquarium_subvault_wall, aquarium_subvault_bridge,
          aquarium_subvault_window], aquarium_window_1, aquarium_window_1,
          aquarium_window_corner, aquarium_view_2b, uniq_joseph, uniq_psyche
D:11:     layout_gridville, david_orc_4
D:12:     layout_cave_pools, serial_shops, shop, kennysheep_windowed_goal,
          uniq_nergalle, uniq_rupert

Skill      XL: |  1  2  3  4  5  6  7  8  9 10 11 |
---------------+----------------------------------+-----
Fighting       | 4 5 6 7 8 9 11 13 | 13.1
Axes           | 4 5 6 7 9 10 12 13 | 13.9
Armour         | 3 4 5 6 7 9 10 | 10.8
Dodging        | 3 4 5 6 7 8 |  8.2
Stealth        | 1 2 |  2.9

Action                   |  1- 3 |  4- 6 |  7- 9 | 10-12 || total
-------------------------+-------+-------+-------+-------++-------
Melee: Hand axe          |    66 |    22 |       |       ||    88
       Headbutt          |    10 |    14 |    44 |    78 ||   146
       War axe           |       |    54 |   194 |   374 ||   622
Invok: Berserk           |     1 |       |     3 |    13 ||    17
       Brothers in Arms  |       |       |       |     4 ||     4
       Trog's Hand       |       |       |       |     2 ||     2
  Use: Scroll            |     1 |     4 |     6 |    11 ||    22
       Potion            |       |       |       |     3 ||     3
 Stab: Sleeping          |       |       |     1 |       ||     1
Armor: Animal skin       |    14 |     7 |       |       ||    21
       Ring mail         |       |    22 |   107 |   324 ||   453
       Steam dragon scal |       |       |    11 |       ||    11
Dodge: Dodged            |    41 |    43 |   129 |   314 ||   527

Table legend: (Time is in decaauts)
 A = Elapsed time spent in this place.
 B = Non-inter-level travel time spent in this place.
 C = Inter-level travel time spent in this place.
 D = Time resting spent in this place.
 E = Time spent auto-exploring this place.
 F = Levels seen in this place.
 G = Mean time per level.
                   A        B        C        D        E       F      G
               +--------+--------+--------+--------+--------+-----+--------+
         Total |  11701 |  11100 |    601 |   1993 |   7270 |  12 |  975.1 |
       Dungeon |  11701 |  11100 |    601 |   1993 |   7270 |  12 |  975.1 |
               +--------+--------+--------+--------+--------+-----+--------+

Top non-repeatable levels by time:
     D:9: 1945 daAuts
    D:10: 1720 daAuts
     D:4: 1300 daAuts
     D:1: 1176 daAuts
     D:8: 951 daAuts
     D:7: 941 daAuts
     D:2: 906 daAuts
     D:5: 630 daAuts
    D:11: 604 daAuts
     D:6: 569 daAuts
     D:3: 529 daAuts
    D:12: 426 daAuts
